 Dungeon Crawl Stone Soup version 0.31-a0-152-g6aa68a64a1 (webtiles) character file.

Game seed: 16002982399286887039

85 Hajna the Ducker (level 4, -1/34 (35) HPs)
             Began as a Human Monk on June 11, 2023.
             Slain by Sigmund
             ... wielding a +0 scythe
              (9 damage)
             ... on level 3 of the Dungeon.
             The game lasted 00:07:06 (1987 turns).

Hajna the Ducker (Human Monk)                       Turns: 1987, Time: 00:07:07

HP:   -1/34 (35)    AC: 10    Str: 14    XL:     4   Next: 75%
MP:   4/4           EV:  8    Int: 10    God:
Gold: 198           SH:  0    Dex: 15    Spells: 3/3 levels left

rFire   . . .        f - +0 whip (freeze)
rCold   . . .        (no shield)
rNeg    . . .        h - +1 chain mail
rPois   .            o - +0 helmet
rElec   .            j - scarf {+Inv}
rCorr   .            (no gloves)
SInv    .            (no boots)
Will    .....        m - amulet of magic regeneration Stlth
                     q - ring of wizardry
HPRegen 0.25/turn    (no ring)
MPRegen 0.49/turn

%: wizardry (x1)
@: lightly drained
A: no striking features
a: Evoke Invisibility


You were on level 3 of the Dungeon.
You visited 1 branch of the dungeon, and saw 3 of its levels.

You collected 198 gold pieces.

Inventory:

Hand Weapons
 a - a +0 falchion
 f - a +0 whip of freezing (weapon)
Missiles
 i - 3 boomerangs
Armour
 b - a +0 robe
 d - an orb of light
 h - a +1 chain mail (worn)
 j - a scarf of invisibility (worn)
 o - a +0 helmet (worn)
Jewellery
 m - an amulet of magic regeneration (around neck)
 q - a ring of wizardry (left hand)
Scrolls
 e - a scroll of identify
 k - a scroll of enchant armour
 n - a scroll of blinking
Potions
 c - a potion of ambrosia
 g - 2 potions of lignification
 l - a potion of curing
 p - a potion of enlightenment {unknown}


   Skills:
 + Level 3.5 Fighting
 + Level 3.4 Long Blades
 + Level 1.9 Maces & Flails
 + Level 1.1 Armour
 + Level 3.5 Dodging
 + Level 0.1 Evocations


You had 3 spell levels left.
You didn't know any spells.
Your spell library was empty.

Dungeon Overview and Level Annotations

Branches:
Dungeon (3/15)

Altars:

Shops:
D:2 [

Annotations:
D:3 Sigmund


Message History

You kill the white imp!
The rat bites you.
You hit the rat. You freeze the rat.
You kill the rat!
No target in view!
Sigmund the Dreaded comes into view.
He is wielding a +0 scythe and wearing a +0 robe of cold resistance.
Level annotation: Sigmund Welcome back, Hajna the Human Monk.
Press ? for a list of commands and other information.
Sigmund shouts!
Things that are here:
a +0 hand axe of flaming; a rat corpse; an orc corpse Sigmund gestures at you while chanting.
The magic dart hits you!
Found 2 scrolls of blinking.
A kobold comes into view.
It is wielding a +3 whip of electrocution.
Found a runed dagger.
The kobold shouts!
You hear a bark!
You hear a shout!
Sigmund barely misses you.
You hit Sigmund.
Sigmund is lightly wounded.
Sigmund hits you with a +0 scythe.
You hit Sigmund. You freeze Sigmund.
Sigmund is heavily wounded.
A jackal comes into view.
Sigmund hits you with a +0 scythe!
The jackal barks!
You hit Sigmund. You freeze Sigmund.
Sigmund is severely wounded.
You hear a shout!
You completely miss Sigmund.
Sigmund is severely wounded.
Sigmund points at you and mumbles some strange words.
The puff of flame hits you.
* * * LOW HITPOINT WARNING * * *
A hobgoblin comes into view.
You hit Sigmund.
Sigmund is almost dead.
Sigmund hits you with a +0 scythe!
You die...

....# #.#............# ##..#
#.##.########... ....#
#.##)# ##### ....
#...####### #....# #...
.....
..........###.######.####.#.
##..#.......................
##..#.....###.######'####.#.
....#.....###.####.)..#
....#.........#.@@....#
###.#.....#####.##....# .
#.#..#### #K#......# .
#.#..# #....h........... .#
#..##.....?...######## .
............ ##
...........## ..g.........
.............


You could see Sigmund, a jackal, a hobgoblin and a kobold.

Vanquished Creatures
  A white imp (D:3)
  5 worms
  5 orcs (D:3)
  7 endoplasms
  3 giant cockroaches
  4 goblins
  5 hobgoblins
  A quokka (D:3)
  4 ball pythons
  6 bats
  3 frilled lizards
  8 kobolds
  6 rats
58 creatures vanquished.

Notes
Turn   | Place    | Note
-------+----------+-------------------------------------------
     0 | D:1      | Hajna the Human Monk began the quest for the Orb.
     0 | D:1      | Reached XP level 1. HP: 18/18 MP: 1/1
    64 | D:1      | Reached XP level 2. HP: 19/24 MP: 2/2
   521 | D:1      | Reached XP level 3. HP: 29/29 MP: 3/3
  1042 | D:2      | Reached skill level 1 in Maces & Flails
  1246 | D:2      | Reached XP level 4. HP: 17/33 MP: 4/4
  1322 | D:2      | Found Wugy's Armour Boutique.
  1857 | D:3      | Reached skill level 1 in Armour
  1974 | D:3      | Noticed Sigmund
  1987 | D:3      | Slain by Sigmund

Illustrated notes

Levels and vault maps discovered:
D:1:      dpeg_arrival_connections, layout_basic,
          amcnicky_mini_rare_corridor_liquid, corexii_leaking_fountain
D:2:      layout_rooms, serial_shops, nicolae_square_shop
D:3:      layout_basic, uniq_grinder, uniq_sigmund, uniq_jessica, uniq_natasha

Skill      XL: |  1  2  3  4 |
---------------+-------------+-----
Maces & Flails | 1 |  1.9
Armour         | 1 |  1.1
Fighting       | |  3.5
Long Blades    | |  3.4
Dodging        | |  3.5
Evocations     | |  0.1

Action                     |  1- 3 |  4- 6 || total
---------------------------+-------+-------++-------
  Melee: Falchion          |    20 |       ||    20
         Whip              |    85 |   104 ||   189
         Punch             |       |     1 ||     1
Ability: Evoke Invisibilit |     1 |       ||     1
    Use: Scroll            |     5 |       ||     5
   Stab: Invisible         |     4 |       ||     4
 Armour: Robe              |     5 |       ||     5
         Chain mail        |    48 |    67 ||   115
  Dodge: Dodged            |    32 |    42 ||    74

Table legend: (Time is in decaauts)
 A = Elapsed time spent in this place.
 B = Non-inter-level travel time spent in this place.
 C = Inter-level travel time spent in this place.
 D = Time resting spent in this place.
 E = Time spent auto-exploring this place.
 F = Levels seen in this place.
 G = Mean time per level.
                   A        B        C        D        E       F      G
               +--------+--------+--------+--------+--------+-----+--------+
         Total |   1995 |   1862 |    133 |      0 |   1429 |   3 |  665.0 |
       Dungeon |   1995 |   1862 |    133 |      0 |   1429 |   3 |  665.0 |
               +--------+--------+--------+--------+--------+-----+--------+

Top non-repeatable levels by time:
     D:1: 1000 daAuts
     D:2: 683 daAuts
     D:3: 311 daAuts
